 Dungeon Crawl Stone Soup version 0.31-a0-544-gceb718ecc6 (webtiles) character file.

Game seed: 8654068691754684491

21 hashsling the Shooter (level 3, 20/20 HPs)
             Began as a Kobold Hexslinger on Aug 15, 2023.
             Quit the game on level 1 of the Dungeon.
             The game lasted 00:01:50 (655 turns).

hashsling the Shooter (Kobold Hexslinger)            Turns: 655, Time: 00:01:51

Health: 20/20      AC:  2    Str:  7    XL:     3   Next: 2%
Magic:  4/4        EV: 15    Int: 14    God:
Gold:   12         SH:  0    Dex: 17    Spells: 3/4 levels left

rFire   . . .        a - +1 sling
rCold   . . .        (no shield)
rNeg    . . .        c - +0 robe
rPois   .            (no helmet)
rElec   .            (no cloak)
rCorr   .            (no gloves)
SInv    .            (no boots)
Will    .....        (no amulet)
Stlth   +++          (no ring)
HPRegen 0.23/turn    (no ring)
MPRegen 0.09/turn

%: no passive effects
@: no status effects
A: small, no large weapons, nightstalker 3
a: no special abilities


You were on level 1 of the Dungeon.
You visited 1 branch of the dungeon, and saw 1 of its levels.

You collected 12 gold pieces.

Inventory:

Hand Weapons
 a - a +1 sling (weapon)
Armour
 c - a +0 robe (worn)
Scrolls
 b - a scroll of poison


   Skills:
 - Level 1.2 Fighting
 * Level 4.1 Ranged Weapons
 - Level 2.5 Dodging
 - Level 1.2 Spellcasting
 - Level 3.0 Hexes


You had 3 spell levels left.
You knew the following spells:

 Your Spells              Type           Power      Damage    Failure   Level
a - Slow                  Hex            36%        N/A       8%          1

Your spell library contained the following spells:

 Spells                   Type           Power      Damage    Failure   Level
 Blink                    Tloc           0%         N/A       36%         2
 Lesser Beckoning         Tloc           0%         N/A       36%         2
 Momentum Strike          Conj/Tloc      0%         3d8       36%         2
 Inner Flame              Hex/Fire       5%         N/A       38%         3
 Portal Projectile        Hex/Tloc       10%        N/A       38%         3
 Cause Fear               Hex            4%         N/A       58%         4


Dungeon Overview and Level Annotations

Branches:
Dungeon (1/15)

Altars:


Innate Abilities, Weirdness & Mutations

You are small and have problems with some larger weapons.
You are completely attuned to the shadows.


Message History

The sling bullet barely misses the frilled lizard.
The frilled lizard hisses angrily.
You shoot a sling bullet.
The sling bullet hits the frilled lizard!
You kill the frilled lizard!
No target in view!
There is an empty arch of ancient stone here.
Found an escape hatch in the floor.
A frilled lizard comes into view.
You shoot a sling bullet. The frilled lizard hisses angrily.
The sling bullet hits the frilled lizard.
You kill the frilled lizard!
No target in view!
There is an open door here.
A goblin comes into view. It is wielding a +0 club.
You shoot a sling bullet. The sling bullet hits the goblin!
You kill the goblin!
Your Ranged Weapons skill increases to level 4!
No target in view!
You see here a bat skeleton.
There is a large open door here.
There is a large open door here.
There is an open door here.
A frilled lizard comes into view.
You shoot a sling bullet.
The sling bullet hits the frilled lizard.
You kill the frilled lizard!
No target in view!
A hobgoblin comes into view.
The hobgoblin shouts!
You shoot a sling bullet.
The sling bullet hits the hobgoblin but does no damage.
You shoot a sling bullet. The sling bullet hits the hobgoblin!
You kill the hobgoblin!
You have reached level 3!
Your experience leads to an increase in your attributes!
Increase (S)trength, (I)ntelligence, or (D)exterity?
You feel stronger. x2
Are you sure you want to abandon this character and quit the game? (Confirm with "yes".)

#.......####.....###.#
#................# #..
#........##......###..
#........##.######>.♣♣
#........#.......#..♣♣
#[.......#######...♣♣∩
#........# #...♣♣∩
#.......## #.#.♣♣∩
#...†@..# #....♣♣
#.......# #..>.♣♣
#........ #........ .
#........ # . #


There were no monsters in sight!

Vanquished Creatures
  A dart slug (D:1)
  2 bats (D:1)
  An endoplasm (D:1)
  3 goblins (D:1)
  2 hobgoblins (D:1)
  2 kobolds (D:1)
  2 ball pythons (D:1)
  3 frilled lizards (D:1)
  A rat (D:1)
17 creatures vanquished.

Notes
Turn   | Place    | Note
-------+----------+-------------------------------------------
     0 | D:1      | hashsling the Kobold Hexslinger began the quest for the
                  | Orb.
     0 | D:1      | Reached XP level 1. HP: 12/12 MP: 2/2
   148 | D:1      | Found a faded altar of an unknown god.
   196 | D:1      | Reached skill level 3 in Ranged Weapons
   248 | D:1      | Reached XP level 2. HP: 16/16 MP: 3/3
   515 | D:1      | Reached skill level 4 in Ranged Weapons
   655 | D:1      | Reached XP level 3. HP: 20/20 MP: 4/4
   655 | D:1      | Quit the game

Illustrated notes

Levels and vault maps discovered:
D:1:      heliophobic_arrival_henge, layout_basic,
          shapermc_ecumenical_altar_venn

Skill      XL: |  1  2 |
---------------+-------+-----
Ranged Weapons | 3 4 |  4.1
Fighting       | |  1.2
Dodging        | |  2.5
Spellcasting   | |  1.2
Hexes          | |  3.0

Action                     || total
---------------------------++-------
   Fire: Sling             ||    41
   Cast: Slow              ||     2
 Armour: Robe              ||     3
  Dodge: Dodged            ||    11

Table legend: (Time is in decaauts)
 A = Elapsed time spent in this place.
 B = Non-inter-level travel time spent in this place.
 C = Inter-level travel time spent in this place.
 D = Time resting spent in this place.
 E = Time spent auto-exploring this place.
 F = Levels seen in this place.
 G = Mean time per level.
                   A        B        C        D        E       F      G
               +--------+--------+--------+--------+--------+-----+--------+
         Total |    664 |    664 |      0 |      0 |    583 |   1 |  664.0 |
       Dungeon |    664 |    664 |      0 |      0 |    583 |   1 |  664.0 |
               +--------+--------+--------+--------+--------+-----+--------+

Top non-repeatable levels by time:
     D:1: 664 daAuts
